 Dungeon Crawl Stone Soup version 0.27-a0-861-g9529aa9 (webtiles) character file.

Game seed: 17315487112813254914

1857 Nithhogg the Cleaver (level 8, 0/71 HPs)
             Began as a Minotaur Fighter on Apr 2, 2021.
             Slain by a black bear (6 damage)
             ... on level 5 of the Dungeon.
             The game lasted 00:08:11 (5853 turns).

Nithhogg the Cleaver (Minotaur Fighter)             Turns: 5853, Time: 00:08:12

Health: 0/71       AC:  6    Str: 22    XL:     8   Next: 89%
Magic:  7/7        EV: 13    Int:  5    God:
Gold:   188        SH:  0    Dex: 11    Spells: 7/7 levels left

rFire    . . .     SeeInvis .   g - +2 whip (flame)
rCold    . . .     Faith    .   (no shield)
rNeg     + . .     Spirit   .   h - +0 ring mail {Will+}
rPois    .         Reflect  .   (helmet restricted)
rElec    .         Harm     .   (no cloak)
rCorr    .         Rampage  .   (no gloves)
Will     ++...                  (no boots)
Stlth    +.........             (no amulet)
HPRegen  0.21/turn              p - ring of positive energy
MPRegen  0.10/turn              (no ring)

@: about to teleport
A: horns 2, retaliatory headbutt, beak, strong-willed 1, sturdy frame 1
a: no special abilities


You were on level 5 of the Dungeon.
You visited 2 branches of the dungeon, and saw 6 of its levels.

You collected 188 gold pieces.

Inventory:

Hand Weapons
 a - a +0 war axe
 g - a +2 whip of flaming (weapon)
 k - a +0 war axe of venom
 v - a +0 vorpal flail
Armour
 b - a +0 scale mail
 c - a +0 kite shield
 h - a +0 ring mail of willpower (worn)
Jewellery
 p - a ring of positive energy (left hand)
Wands
 n - a wand of flame (22)
 u - a wand of mindburst (2) (quivered)
Scrolls
 j - 2 scrolls of identify
 m - a scroll of teleportation
Potions
 d - a potion of might
 e - 2 potions of cancellation
 f - 2 potions of mutation
 i - a potion of attraction {unknown}
 l - a potion of lignification {unknown}
 o - a potion of resistance {unknown}
 q - a potion of haste {unknown}
 s - a potion of berserk rage {unknown}


   Skills:
 + Level 6.8 Fighting
 * Level 8.5 Axes
 + Level 6.8 Armour
 + Level 4.9 Dodging
 - Level 3.6 Shields
 + Level 3.5 Evocations


You had 7 spell levels left.
You didn't know any spells.
Your spell library contained the following spells:

 Spells                   Type           Power      Damage    Failure   Level
 Confusing Touch          Hex            0%         N/A       89%         3
 Gell's Gravitas          Tloc           0%         N/A       89%         3
 Petrify                  Tmut/Erth      0%         N/A       100%        4
 Metabolic Englaciation   Hex/Ice        0%         N/A       100%        5
 Yara's Violent Unravell  Hex/Tmut       0%         3d3       100%        5


Dungeon Overview and Level Annotations

Branches:
Dungeon (5/15)             Temple (1/1) D:4

Altars:
Ashenzari
Cheibriados
Dithmenos
Elyvilon
Fedhas
Gozag
Kikubaaqudgha
Makhleb
Nemelex Xobeh
Okawaru
Qazlal
Ru
Sif Muna
Trog
Vehumet
Wu Jian
Xom
Yredelemnul
Zin

Annotations:
D:5 3 runed translucent doors, plsesad's ghost, amateur PaFi


Innate Abilities, Weirdness & Mutations

You have a pair of horns on your head.
You reflexively headbutt those who attack you in melee.
You have a beak for a mouth.
You are strong-willed. (Will+)
Your movements are slightly less encumbered by armour. (ER -2)


Message History

The orc is moderately wounded.
The orc closely misses you.
You hit the orc. You burn the orc.
You kill the orc!
You hit the black bear. You burn the black bear.
You peck the black bear, but do no damage.
The black bear is almost dead.
The black bear bites you but does no damage.
The black bear claws you. The black bear barely misses you.
You closely miss the black bear.
The black bear is almost dead.
The black bear barely misses you. x2; The black bear closely misses you.
You barely miss the black bear.
The black bear is almost dead.
The black bear bites you!
* * * LOW HITPOINT WARNING * * *
The black bear claws you but does no damage.
The black bear claws you.
* * * LOW HITPOINT WARNING * * *
The black bear barely misses you.
The black bear claws you but does no damage.
The black bear barely misses you.
The black bear bites you but does no damage.
The black bear claws you but does no damage.
The black bear claws you.
* * * LOW HITPOINT WARNING * * *
The black bear rages.
The black bear bites you!
* * * LOW HITPOINT WARNING * * *
The black bear claws you but does no damage. x2
There is an open door here.
You see here an adder corpse.
Okay, then.
As you read the scroll of teleportation, it crumbles to dust.
You feel strangely unstable. The black bear barely misses you.
You furiously retaliate!
You headbutt the black bear, but do no damage.
The black bear claws you but does no damage.
The black bear claws you.
You die...

#######.#### #####..........#
.........##.##.# ##
#####.......##### *########## #.
# ####.#..#...#*#..+......#**## #
#<...#.8.+#...#......*,*#. #####
#.#..#...#...##.....,**,#. ....#
#....#...#..##+...#**,,,#. ..#.#
####.'.8.@###.#.).#,*,,,#. ....#
#.#...#h#..#o†.#*,,,,#. ..#.#
##'#...#.O##)###.....,#< ....#
##..#.8.+##..##,*,,...,#. .####
##...#...#*#.##**,,,,,.,#. ..##
##....##### ##############.
...####<........####....#..##.#..
......'.........'................
...####.........####....#.###.#.#


You could see a black bear (berserk) and an ogre.

Vanquished Creatures
  Edmund (D:5)
  Duvessa (D:5)
  2 ice beasts
  5 black bears
  2 ogres
  A phantom (D:4)
  5 scorpions
  Dowan (D:5)
  A water moccasin skeleton (D:5)
  A hound (D:4)
  An orc priest (D:3)
  A bullfrog skeleton (D:5)
  A jelly (D:4)
  Ijyb (D:5)
  10 adders
  A white imp (D:5)
  An ufetubus (D:5)
  A worm (D:3)
  5 dart slugs
  5 orcs
  6 ball pythons
  4 endoplasms
  8 giant cockroaches
  6 hobgoblins
  2 jackals (D:2)
  5 quokkas
  5 bats
  3 frilled lizards
  8 goblins
  12 kobolds
  8 rats
114 creatures vanquished.

Notes
Turn   | Place    | Note
-------+----------+-------------------------------------------
     0 | D:1      | Nithhogg the Minotaur Fighter began the quest for the Orb.
     0 | D:1      | Reached XP level 1. HP: 19/19 MP: 0/0
   132 | D:1      | Found a faded altar of an unknown god.
   286 | D:1      | Reached XP level 2. HP: 27/27 MP: 1/1
   370 | D:1      | Reached skill level 3 in Axes
   655 | D:1      | Reached skill level 1 in Dodging
  1024 | D:1      | Reached XP level 3. HP: 33/33 MP: 2/2
  1486 | D:2      | Reached XP level 4. HP: 40/40 MP: 3/3
  1645 | D:2      | Reached skill level 4 in Axes
  2102 | D:3      | Reached XP level 5. HP: 29/47 MP: 4/4
  2581 | D:3      | Found a burning altar of Makhleb.
  2711 | D:4      | Noticed a black bear
  2720 | D:4      | Killed a black bear
  2721 | D:4      | Reached skill level 5 in Axes
  3077 | D:4      | Noticed a phantom
  3084 | D:4      | Killed a phantom
  3085 | D:4      | Reached skill level 1 in Evocations
  3085 | D:4      | Reached XP level 6. HP: 55/55 MP: 5/5
  3098 | D:4      | Reached skill level 5 in Fighting
  3098 | D:4      | Reached skill level 5 in Armour
  3408 | D:4      | Found a staircase to the Ecumenical Temple.
  3431 | Temple   | Entered the Ecumenical Temple
  3809 | D:4      | Noticed an ice beast
  3823 | D:4      | Killed an ice beast
  3824 | D:4      | Reached skill level 6 in Axes
  3824 | D:4      | Reached XP level 7. HP: 42/61 MP: 6/6
  4258 | D:5      | Entered Level 5 of the Dungeon
  4344 | D:5      | Noticed Ijyb
  4344 | D:5      | Noticed Edmund
  4361 | D:5      | Killed Edmund
  4368 | D:5      | Gained mutation: Your movements are slightly less
                  | encumbered by armour. (ER -2) [potion of mutation]
  4368 | D:5      | Gained mutation: You are strong-willed. (Will+) [potion of
                  | mutation]
  4368 | D:5      | Gained mutation: You have a beak for a mouth. [potion of
                  | mutation]
  4375 | D:5      | Killed Ijyb
  4741 | D:5      | Reached skill level 7 in Axes
  4794 | D:5      | Reached XP level 8. HP: 47/70 MP: 7/7
  4844 | D:5      | Noticed Duvessa
  4849 | D:5      | Killed Duvessa
  4850 | D:5      | Noticed Dowan
  4869 | D:5      | Killed Dowan
  5398 | D:5      | Found a runed translucent gate.
  5398 | D:5      | Found a runed translucent gate.
  5398 | D:5      | Found a runed translucent gate.
  5398 | D:5      | Noticed plsesad's ghost (amateur PaFi)
  5505 | D:5      | Reached skill level 8 in Axes
  5853 | D:5      | Slain by a black bear

Illustrated notes

Levels and vault maps discovered:
D:1:      heliophobic_arrival_henge, layout_loops_corners,
          basic_ecumenical_altar, serial_rivers, chequers_serial_rivers_micro_a,
          chequers_serial_rivers_room_a, chequers_serial_rivers_micro_a,
          chequers_serial_rivers_large_b, chequers_serial_rivers_room_b,
          chequers_serial_rivers_small_b
D:2:      layout_rooms, minmay_heptomino_w4
D:3:      layout_loops_cross, lightli_temple_of_fire
D:4:      mumra_celtic_spiral_tile, layout_rooms, minmay_temple_entry_junction,
          roderic_roman_lattice
D:5:      minmay_chambers_of_threes, layout_loops_corners,
          gammafunk_ghost_nasty_kobolds, uniq_duvessa, uniq_ijyb, uniq_edmund
Temple:   dpeg_five_rooms_temple

Skill      XL: |  1  2  3  4  5  6  7  8 |
---------------+-------------------------+-----
Axes           | 3 4 5 6 7 8 |  8.5
Dodging        | 1 2 3 4 |  4.9
Fighting       | 4 5 6 |  6.8
Armour         | 4 5 6 |  6.8
Evocations     | 1 2 3 |  3.5
Shields        | |  3.6

Action                   |  1- 3 |  4- 6 |  7- 9 || total
-------------------------+-------+-------+-------++-------
Melee: War axe           |    50 |       |       ||    50
       Headbutt          |     8 |    18 |    20 ||    46
       Whip              |    33 |    86 |   120 ||   239
       Peck              |       |       |    17 ||    17
Evoke: Wand              |       |       |     2 ||     2
  Use: Scroll            |     2 |     2 |     4 ||     8
       Potion            |       |       |     4 ||     4
Armor: Scale mail        |    40 |    32 |    19 ||    91
       Ring mail         |       |       |    31 ||    31
Dodge: Dodged            |    57 |    42 |    63 ||   162

Table legend: (Time is in decaauts)
 A = Elapsed time spent in this place.
 B = Non-inter-level travel time spent in this place.
 C = Inter-level travel time spent in this place.
 D = Time resting spent in this place.
 E = Time spent auto-exploring this place.
 F = Levels seen in this place.
 G = Mean time per level.
                   A        B        C        D        E       F      G
               +--------+--------+--------+--------+--------+-----+--------+
         Total |   5881 |   5704 |    177 |     86 |   4966 |   6 |  980.2 |
       Dungeon |   5591 |   5467 |    124 |     86 |   4733 |   5 | 1118.2 |
        Temple |    290 |    237 |     53 |      0 |    233 |   1 |  290.0 |
               +--------+--------+--------+--------+--------+-----+--------+

Top non-repeatable levels by time:
     D:5: 1580 daAuts
     D:1: 1357 daAuts
     D:4: 1252 daAuts
     D:3: 874 daAuts
     D:2: 525 daAuts
  Temple: 290 daAuts
